 Dungeon Crawl Stone Soup version 0.30.1-9-gdf580d7c3d (webtiles) character file.

Game seed: 4490653506112571174

4 Chiseanne the Trooper (level 1, 0/17 (19) HPs)
             Began as a Demonspawn Wanderer on Oct 15, 2023.
             Slain by a ball python (1 damage)
             ... on level 1 of the Dungeon.
             The game lasted 00:01:17 (227 turns).

Chiseanne the Trooper (Demonspawn Wanderer)          Turns: 227, Time: 00:01:17

HP:   0/17 (19)     AC:  2    Str:  9    XL:     1   Next: 58%
MP:   1/2           EV:  7    Int: 16    God:
Gold: 0             SH:  3    Dex: 12    Spells: 1/2 levels left

rFire   . . .        a - +0 dagger
rCold   . . .        b - +0 buckler
rNeg    . . .        c - +0 robe
rPois   .            (no helmet)
rElec   .            (no cloak)
rCorr   .            (no gloves)
SInv    .            (no boots)
Will    .....        (no amulet)
Stlth   ++           (no ring)
HPRegen 0.22/turn    (no ring)
MPRegen 0.08/turn

%: no passive effects
@: constricted, heavily drained, invisible
A: no striking features
a: no special abilities


You were on level 1 of the Dungeon.
You visited 1 branch of the dungeon, and saw 1 of its levels.

Inventory:

Hand Weapons
 a - a +0 dagger (weapon)
Missiles
 f - 3 stones
Armour
 b - a +0 buckler (worn)
 c - a +0 robe (worn)
Scrolls
 d - 2 scrolls of fog
Potions
 e - a potion of heal wounds {unknown}
 g - a potion of invisibility


   Skills:
 - Level 4.0 Fighting
 - Level 1.0 Stealth
 * Level 1.2 Shields
 * Level 1.2 Spellcasting
 - Level 3.0 Conjurations


You had one spell level left.
You knew the following spells:

 Your Spells              Type           Power      Damage    Failure   Level
a - Kiss of Death         Conj/Necr      20%        2d7       19%         1

Your spell library contained the following spells:

 Spells                   Type           Power      Damage    Failure   Level
 Searing Ray              Conj           20%        2d5       14%         2
 Sticky Flame             Conj/Fire      5%         2d3       88%         4


Dungeon Overview and Level Annotations

Branches:
Dungeon (1/15)

Altars:


Message History

The kobold hits you with a +0 short sword.
A ball python comes into view.
You barely miss the kobold.
The kobold is moderately wounded.
The ball python hisses angrily.
The kobold hits you with a +0 short sword.
You hit the kobold but do no damage.
The kobold is moderately wounded.
The kobold hits you with a +0 short sword. x2
* * * LOW HITPOINT WARNING * * *
You barely miss the kobold.
The kobold is moderately wounded.
The kobold hits you but does no damage.
You hit the kobold but do no damage.
The kobold is moderately wounded.
The kobold hits you with a +0 short sword.
* * * LOW HITPOINT WARNING * * *
Your magical contamination has completely faded away.
You hit the kobold.
The kobold is severely wounded.
The kobold closely misses you.
You hit the kobold.
You kill the kobold!
The ball python closely misses you. The ball python barely misses you.
You closely miss the ball python. The ball python barely misses you.
The ball python closely misses you.
You hit the ball python.
The ball python is moderately wounded.
The ball python bites you.
* * * LOW HITPOINT WARNING * * *
The ball python grabs you. The ball python constricts you.
* * * LOW HITPOINT WARNING * * *
You barely miss the ball python.
The ball python is moderately wounded.
The ball python barely misses you. The ball python constricts you.
The ball python closely misses you. The ball python constricts you.
It was a potion of invisibility.
You fade into invisibility!
The ball python bites you.
You die...

#.....:....#
#.......K..#
#..........#
#........#
#......# #.# #.#
#S# #@# #.#.#
#######.#.###
#.......#... .#
#.......#..###..
#.......#..#....
#...........[.
#.........#.## .
#[...........#.#


You could see a ball python (unable to see you).

Vanquished Creatures
  A hobgoblin (D:1)
  A jackal (D:1)
  2 kobolds (D:1)
  A rat (D:1)
5 creatures vanquished.

Notes
Turn   | Place    | Note
-------+----------+-------------------------------------------
     0 | D:1      | Chiseanne the Demonspawn Wanderer began the quest for the
                  | Orb.
     0 | D:1      | Chiseanne set off with the following items: a +0 dagger, a
                  | +0 buckler, a +0 robe, 2 scrolls of fog; and the following
                  | spell memorised: Kiss of Death; and the following spells
                  | available to memorise: Searing Ray, Sticky Flame.
     0 | D:1      | Reached XP level 1. HP: 19/19 MP: 2/2
   227 | D:1      | Slain by a ball python

Illustrated notes

Levels and vault maps discovered:
D:1:      lightli_arrival_lavapool, layout_rooms

Action                     || total
---------------------------++-------
  Melee: Dagger            ||    30
   Cast: Kiss of Death     ||     1
    Use: Scroll            ||     1
         Potion            ||     1
 Armour: Robe              ||     8
  Dodge: Dodged            ||    23
  Block: Buckler           ||     2
